 Dungeon Crawl Stone Soup version 0.28.0-53-g5a82cb258f (webtiles) character file.

Game seed: 7160800087313779785

28 RevDB the Shooter (level 3, -1/28 HPs)
             Began as a Human Hunter on June 28, 2022.
             Slain by an adder (3 damage)
             ... on level 2 of the Dungeon.
             The game lasted 00:20:39 (1058 turns).

RevDB the Shooter (Human Hunter)                    Turns: 1058, Time: 00:20:39

Health: -1/28      AC:  5    Str: 12    XL:     3   Next: 30%
Magic:  12/12      EV: 11    Int: 11    God:
Gold:   74         SH:  0    Dex: 15    Spells: 2/2 levels left

rFire   . . .      SeeInvis .   b - +1 short sword (venom)
rCold   . . .      Faith    .   (no shield)
rNeg    . . .      Spirit   .   h - +0 ring mail
rPois   .          Reflect  .   (no helmet)
rElec   .          Harm     .   (no cloak)
rCorr   .          Rampage  .   (no gloves)
Will    .....                   (no boots)
Stlth   +.........              (no amulet)
HPRegen 0.09/turn               i - ring of magical power
MPRegen 0.13/turn               (no ring)

@: lethally poisoned (-1 -> -7)
A: no striking features
a: no special abilities


You were on level 2 of the Dungeon.
You visited 1 branch of the dungeon, and saw 2 of its levels.

You collected 74 gold pieces.

Inventory:

Hand Weapons
 a - a +1 shortbow
 b - a +1 short sword of venom (weapon)
Missiles
 d - 16 arrows
Armour
 c - a +0 leather armour
 h - a +0 ring mail (worn)
Jewellery
 i - a ring of magical power (left hand)
Scrolls
 f - a scroll of teleportation {unknown}
Potions
 g - 2 potions of curing {unknown}


   Skills:
 + Level 2.3 Fighting
 + Level 0.9 Short Blades
 + Level 4.2 Bows
 + Level 1.0 Armour
 + Level 2.3 Dodging
 - Level 1.0 Stealth


You had 2 spell levels left.
You didn't know any spells.
Your spell library contained the following spells:

 Spells                   Type           Power      Damage    Failure   Level
 Cause Fear               Hex            0%         N/A       100%        4
 Dragon Form              Tmut           0%         N/A       100%        7
 Dragon's Call            Summ           0%         N/A       100%        9


Dungeon Overview and Level Annotations

Branches:
Dungeon (2/15)

Altars:


Message History

You have reached level 3!
Your experience leads to an increase in your attributes!
Increase (S)trength, (I)ntelligence, or (D)exterity?
Uppercase letters only, please.
You feel agile. x2
You closely miss the adder.
You feel sick. The adder bites you but does no damage.
The adder completely misses you.
You closely miss the adder.
You feel sick. The adder bites you but does no damage.
You closely miss the adder.
You feel sick. The adder barely misses you.
You hit the adder.
The adder is lightly wounded.
You feel sick. The adder bites you. The adder closely misses you.
You closely miss the adder.
The adder is lightly wounded.
You feel sick.
You are no longer poisoned.
The adder bites you.
You are poisoned.
The adder poisons you!
You hit the adder.
The adder is poisoned.
The adder is heavily wounded.
You feel sick. The adder bites you but does no damage.
You barely miss the adder.
The adder is heavily wounded.
You feel sick. The adder misses you. The adder bites you but does no damage.
You closely miss the adder.
The adder is severely wounded.
You feel sick.
You are no longer poisoned.
The adder bites you but does no damage.
You hit the adder.
The adder looks as sick as possible!
The adder is severely wounded.
The adder bites you.
* * * LOW HITPOINT WARNING * * *
You are lethally poisoned!
The adder poisons you! The adder barely misses you.
* * * LOW HITPOINT WARNING * * *
You feel sick. The adder bites you.
You die...

# #..
.....######
#..†@S.#
###.##.?.#
... .....
#### ...#
#.. .


You could see an adder (extremely poisoned).

Vanquished Creatures
  An adder (D:2)
  A ball python (D:1)
  A giant cockroach (D:1)
  2 goblins (D:1)
  A hobgoblin (D:1)
  2 quokkas (D:1)
  3 bats (D:1)
  5 kobolds (D:1)
  2 rats (D:1)
18 creatures vanquished.

Notes
Turn   | Place    | Note
-------+----------+-------------------------------------------
     0 | D:1      | RevDB the Human Hunter began the quest for the Orb.
     0 | D:1      | Reached XP level 1. HP: 16/16 MP: 1/1
   260 | D:1      | Reached XP level 2. HP: 22/22 MP: 2/2
  1049 | D:2      | Reached skill level 1 in Armour
  1049 | D:2      | Reached XP level 3. HP: 19/28 MP: 3/3
  1058 | D:2      | Slain by an adder

Illustrated notes

Levels and vault maps discovered:
D:1:      wander_arrival_estate, layout_basic
D:2:      layout_rooms, hellmonk_ecumenical_altar_pennies_from_heaven

Skill      XL: |  1  2 |
---------------+-------+-----
Armour         | 1 |  1.0
Fighting       | |  2.3
Short Blades   | |  0.9
Bows           | |  4.2
Dodging        | |  2.3
Stealth        | |  1.0

Action                   || total
-------------------------++-------
Melee: Short sword       ||    31
 Fire: Shortbow          ||    31
Armor: Leather armour    ||     8
       Ring mail         ||     8
Dodge: Dodged            ||    26
